AoeStats
← WildesPony

Black Forest

510127264Analyzed
3v3 RM · 3d ago on Sep 29, 2026· 69m 4s· 6 players
Game mode
Random Map
Map size
Normal (6 player)
Population
200
Speed
Normal
Resources
Standard
Victory
Conquest
Starting age
Dark Age
Ending age
Imperial Age
RankedLock teamsTeams togetherTeam positionsShared explorationLock speedFull tech treeHidden civsTurbo modeCheats
Victory
Defeat
🇩🇪 Britons · Germany
879
+17
🇩🇪 Bohemians · Germany
870
+17
🇩🇪 Spanish · Germany
869
+17
🇨🇳 Persians · China
913
-17
🇦🇷 Gurjaras · Argentina
897
-17
🇵🇪 Huns · Peru
895
-41
KEVIN
13:39 Feudal Age
14:16 Double-Bit Axe
24:38 Wheelbarrow
28:22 Fishing Lines
28:25 Horse Collar
31:23 Stone Mining
31:24 Gold Mining
33:57 Castle Age
35:08 Heavy Plow
35:22 Bow Saw
35:06 Gillnets
39:08 Marauders
39:43 Hand Cart
42:41 Forging
42:32 Scale Mail Armor
42:33 Padded Archer Armor
42:24 Fletching
42:42 Scale Barding Armor
42:44 Man-at-Arms
46:05 Thumb Ring
48:46 Crossbowman
48:54 Long Swordsman
62:38 Husbandry
62:51 Bloodlines
62:02 Light Cavalry
64:55 Squires
64:41 Arson
67:35 Imperial Age
67:41 Elite Tarkan
足下的土地
0:27 Loom
12:13 Feudal Age
12:36 Double-Bit Axe
22:44 Castle Age
21:46 Gold Mining
21:45 Horse Collar
22:00 Stone Mining
22:33 Crossbowman
23:27 Bow Saw
24:36 Wheelbarrow
31:55 Imperial Age
30:26 Hand Cart
31:03 Town Watch
34:25 Two-Man Saw
34:05 Kamandaran
37:06 Bloodlines
36:57 Husbandry
36:17 Heavy Camel Rider
37:06 Thumb Ring
36:53 Fletching
37:04 Padded Archer Armor
37:26 Ballistics
37:14 Heavy Plow
38:34 Citadels
39:07 Bodkin Arrow
39:28 Leather Archer Armor
40:16 Chemistry
40:37 Murder Holes
42:14 Masonry
42:43 Ring Archer Armor
42:25 Elite Skirmisher
43:55 Hoardings
45:38 Gold Shaft Mining
48:33 Cavalier
49:52 Caravan
50:29 Savar
52:34 Scale Barding Armor
52:40 Forging
Papulopulus
12:04 Feudal Age
13:07 Double-Bit Axe
15:56 Castle Age
14:05 Fishing Lines
17:27 Bow Saw
17:16 Gillnets
20:02 Horse Collar
23:26 Loom
24:17 Wheelbarrow
23:27 Town Watch
23:43 Gold Mining
23:43 Stone Mining
24:03 Heavy Plow
23:55 Gold Mining
23:57 Stone Mining
26:02 Gold Shaft Mining
26:03 Stone Shaft Mining
25:45 Hand Cart
26:07 Fervor
29:31 Imperial Age
27:30 Fletching
27:41 Padded Archer Armor
28:03 Ballistics
27:24 Treadmill Crane
27:55 Masonry
28:24 Bloodlines
28:14 Husbandry
29:10 Thumb Ring
29:17 Scale Barding Armor
29:08 Bodkin Arrow
29:23 Forging
30:10 Leather Archer Armor
30:11 Forging
30:12 Elite Elephant Archer
31:57 Bracer
32:18 Chain Barding Armor
32:38 Architecture
32:32 Conscription
33:37 Frontier Guards
33:30 Kshatriyas
33:47 Frontier Guards
34:56 Chemistry
34:49 Crop Rotation
35:59 Iron Casting
35:59 Plate Barding Armor
34:51 Heavy Camel Rider
37:04 Town Patrol
37:05 Scale Mail Armor
36:53 Arson
36:28 Man-at-Arms
37:46 Hoardings
36:31 Elite Chakram Thrower
38:37 Long Swordsman
38:40 Elite Chakram Thrower
42:11 Chain Mail Armor
51:04 Light Cavalry
52:11 Hussar
FlashBen
14:23 Feudal Age
19:02 Castle Age
17:57 Double-Bit Axe
17:57 Horse Collar
20:05 Heavy Plow
19:54 Crossbowman
21:26 Bow Saw
23:58 Wheelbarrow
25:19 Town Watch
26:57 Forging
33:50 Imperial Age
32:14 Husbandry
33:20 Chemistry
32:40 Caravan
33:26 Hand Cart
33:47 Scale Barding Armor
33:44 Scale Mail Armor
34:39 Houfnice
35:53 Town Patrol
36:42 Ballistics
36:13 Cavalier
37:35 Iron Casting
37:21 Chain Barding Armor
37:18 Chain Mail Armor
38:27 Conscription
38:17 Wagenburg Tactics
39:44 Blast Furnace
38:16 Pikeman
41:05 Masonry
41:07 Onager
44:50 Squires
44:46 Halberdier
46:52 Plate Mail Armor
55:22 Light Cavalry
Graf von Schmusestadt
12:35 Feudal Age
13:53 Wheelbarrow
13:06 Double-Bit Axe
19:50 Castle Age
18:23 Gold Mining
20:47 Hand Cart
21:33 Bow Saw
24:48 Stone Mining
26:15 Bloodlines
26:15 Scale Barding Armor
29:05 Chain Barding Armor
28:46 Scale Mail Armor
30:20 Caravan
30:32 Husbandry
36:18 Imperial Age
33:38 Town Watch
36:08 Ballistics
35:59 Fortified Wall
37:23 Cavalier
38:41 Plate Barding Armor
38:22 Chain Mail Armor
38:15 Onager
40:27 Chemistry
38:54 Paladin
40:19 Conscription
40:51 Masonry
55:34 Architecture
WildesPony
14:26 Feudal Age
22:13 Castle Age
20:30 Horse Collar
20:42 Double-Bit Axe
20:49 Gold Mining
20:54 Stone Mining
21:47 Wheelbarrow
23:31 Elite Skirmisher
26:58 Hand Cart
26:32 Pikeman
29:15 Heavy Plow
29:45 Squires
32:26 Caravan
35:42 Fortified Wall
35:53 Ballistics
37:06 Bow Saw
38:03 Fletching
38:13 Padded Archer Armor
41:58 Imperial Age
40:23 Bodkin Arrow
40:43 Leather Archer Armor
41:44 Yeomen
43:48 Chemistry
43:33 Conscription
42:34 Elite Longbowman
44:55 Guilds
45:17 Coinage
46:00 Onager
47:11 Bracer
47:42 Ring Archer Armor
47:18 Scale Barding Armor
47:41 Cavalier
48:21 Husbandry
48:58 Warwolf
52:27 Halberdier
Connection lost

Rejoining the realm…

Still unreachable

The connection could not be restored.

Session expired

The server has moved on; the page needs a fresh start.